Influenza vs Sasquatch
Created - 6 avril 2015 at 19:05
Goals
|
| Influenza |
2 |
0 |
2 |
1 |
5 |
| Sasquatch |
1 |
2 |
1 |
0 |
4 |
|
Shots
|
| Influenza |
12 |
13 |
9 |
1 |
35 |
| Sasquatch |
14 |
12 |
9 |
0 |
35 |
|
1st period
1. Influenza , Cody McCormick 26 (T.J Galiardi, Ben Smith) at 8:15 (PP)
2. Sasquatch , Jakub Voracek 47 (Derek Stepan) at 10:10
3. Influenza , Ryan Carter 57 (Martins Karsums) at 17:33
Penalties :
Nick Leddy (Gat) for Holding (Minor) at 7:25
2nd period
4. Sasquatch , D.J King 45 (Matt Niskanen) at 9:10
5. Sasquatch , Derek Stepan 26 (Jakub Voracek) at 18:05 (PP)
Penalties :
Ryan Russell (VJB) for Roughing (Minor) at 4:22, Matt Frattin (Gat) for High sticking (Minor) at 11:12, Jaime Sifers (VJB) for Roughing (Minor) at 17:56, Brandon Bochenski (Gat) for High sticking (Minor) at 18:34
3rd period
6. Influenza , Corey Tropp 9 (Mathieu Carle, Andreas Engqvist) at 6:11
7. Influenza , Zac Dalpe 22 (Ryan Russell, Alex Stalock) at 14:50
8. Sasquatch , Jakub Voracek 48 (Derek Stepan) at 18:37
Penalties :
No Penalty
Overtime #1
9. Influenza , Ryan Carter 58 (Robbie Earl, Cody Franson) at 0:10
Penalties :
No Penalty
Goalie Stats
Alex Stalock (VJB), 31 saves from 35 shots - (0,886), W, 29-27-2, 60:10 minutes
Andrew Raycroft (Gat), 30 saves from 35 shots - (0,857), OTL, 6-1-2, 60:10 minutes
Players Stats for Influenza
Player Name G A P +/- PIM S H SB GA TA FO MP PP MP PK MP
------------------------------------------------------------------------------------
Adam Berti 0 0 0 1 0 0 0 1 0 0 0/0 9:53 0:00 0:24
Andreas Engqvist 0 1 1 1 0 3 2 0 1 0 1/2 9:29 0:00 0:00
Ben Smith 0 1 1 0 0 3 3 0 0 1 0/0 15:25 2:05 0:00
Carl Gunnarsson 0 0 0 -2 0 1 1 2 0 0 0/0 13:08 0:00 0:00
Cody Franson 0 1 1 1 0 2 0 1 0 0 0/0 25:56 2:32 1:27
Cody McCormick 1 0 1 0 0 2 1 0 0 0 5/9 15:52 2:05 0:27
Corey Tropp 1 0 1 1 0 2 2 0 0 0 0/0 9:29 0:00 0:00
Jaime Sifers 0 0 0 2 2 0 1 0 2 0 0/0 21:05 2:16 0:41
Jamie McBain 0 0 0 1 0 0 0 1 1 3 0/0 25:56 2:32 1:27
Jeremy Morin 0 0 0 -2 0 0 1 1 1 0 0/1 13:12 0:09 0:00
Martins Karsums 0 1 1 1 0 3 2 0 0 0 1/2 20:11 2:34 0:25
Mathieu Carle 0 1 1 2 0 4 1 2 1 0 0/0 21:06 2:16 0:41
Matt Corrente 0 0 0 -2 0 0 2 2 0 0 0/0 13:08 0:00 0:00
Robbie Earl 0 1 1 1 0 3 2 2 0 0 1/4 17:20 2:43 1:16
Ryan Carter 2 0 2 2 0 4 2 1 0 0 16/38 21:14 2:34 1:19
Ryan Russell 0 1 1 -2 2 2 0 0 0 0 0/1 13:03 0:00 0:00
T.J Galiardi 0 1 1 1 0 3 0 0 0 0 1/1 19:51 2:05 0:25
Zac Dalpe 1 0 1 -2 0 3 1 0 0 0 0/4 13:12 0:09 0:00
Players Stats for Sasquatch
Player Name G A P +/- PIM S H SB GA TA FO MP PP MP PK MP
------------------------------------------------------------------------------------
Brandon Bochenski 0 0 0 -2 2 0 0 1 0 0 0/0 14:40 0:52 0:00
Cam Atkinson 0 0 0 0 0 1 1 0 0 1 0/0 11:46 0:00 0:00
D.J King 1 0 1 1 0 4 2 0 1 0 0/4 23:06 1:16 2:46
Derek Stepan 1 2 3 1 0 5 3 0 0 0 19/26 20:20 1:16 0:00
Jake Gardiner 0 0 0 1 0 5 1 3 0 0 0/0 27:35 1:33 2:56
Jakub Voracek 2 1 3 2 0 8 2 1 0 0 0/0 20:13 1:16 0:00
Joe Corvo 0 0 0 1 0 3 5 0 1 0 0/0 27:35 1:33 2:56
Josh Bailey 0 0 0 0 0 1 2 0 0 0 0/0 8:40 0:00 0:00
Kevin Porter 0 0 0 0 0 0 0 0 0 0 1/2 9:39 0:00 1:03
Kyle Clifford 0 0 0 0 0 1 5 0 0 0 0/0 13:08 0:00 0:59
Mats Zuccarello 0 0 0 -2 0 2 2 0 0 0 0/2 15:16 0:52 1:03
Matt Frattin 0 0 0 0 2 2 2 0 0 0 0/0 9:12 0:00 0:26
Matt Niskanen 0 1 1 -1 0 0 2 2 0 0 0/0 20:10 0:35 1:52
Nick Leddy 0 0 0 -1 2 0 0 0 0 0 0/0 13:19 0:35 0:00
Slava Voynov 0 0 0 -1 0 0 1 0 0 3 0/0 17:08 0:00 0:00
Stephane Da Costa 0 0 0 0 0 1 0 0 0 0 4/6 13:01 0:00 0:33
Tyler Johnson 0 0 0 -2 0 1 0 0 2 0 13/22 16:59 0:52 2:46
Yann Sauvé 0 0 0 -1 0 1 2 0 0 2 0/0 14:02 0:00 1:52
3 Stars
1 - Jakub Voracek (Gat)
2 - Ryan Carter (VJB)
3 - Derek Stepan (Gat)
Power Play
Influenza - 1 on 3 Attempt(s) - 33,33%
Sasquatch - 1 on 2 Attempt(s) - 50,00%
Penalty Kill
Influenza - 1 on 2 Attempt(s) - 50,00%
- Score 0 goal in Penalty Kill
Sasquatch - 2 on 3 Attempt(s) - 66,67%
- Score 0 goal in Penalty Kill
Team Stat
Influenza - Hits : 21 - Faceoff Wins : 25 - Blocked Shots : 13 - Penalty Minutes : 4
Sasquatch - Hits : 30 - Faceoff Wins : 37 - Blocked Shots : 7 - Penalty Minutes : 6
Official
Referees : Marouelli Dan and O'Rourke Dan
Linesman : Lonnie Cameron and Michel Cormier
Game Notes
No Game Note
Finance
Level 1 -- Attendance: 1517 (75,85%) -- Ticket Income 53 095 $
Level 2 -- Attendance: 759 (75,90%) -- Ticket Income 11 385 $
Total Attendance: 2276 (75,87%)
Total Ticket Income: 64 480 $
Other Income: 3 224 $
Total Income: 67 704 $
Influenza
5 vs 5 Forward
Center Left Wing Right Wing Time % Phy DF OF
1 Ryan Carter T.J Galiardi Martins Karsums 40 1 2 2
2 Cody McCormick Robbie Earl Ben Smith 30 1 2 2
3 Zac Dalpe Ryan Russell Jeremy Morin 20 1 2 2
4 Andreas Engqvist Adam Berti Corey Tropp 10 1 2 2
5 vs 5 Defense
Defense Defense Time % Phy DF OF
1 Jamie McBain Cody Franson 40 1 2 2
2 Mathieu Carle Jaime Sifers 30 1 2 2
3 Matt Corrente Carl Gunnarsson 20 1 2 2
4 Jamie McBain Cody Franson 10 1 2 2
PowerPlay Forward
Center Left Wing Right Wing Time % Phy DF OF
1 Ryan Carter Robbie Earl Martins Karsums 60 1 2 2
2 Cody McCormick T.J Galiardi Ben Smith 40 1 2 2
PowerPlay Defense
Defense Defense Time % Phy DF OF
1 Jamie McBain Cody Franson 60 1 2 2
2 Mathieu Carle Jaime Sifers 40 1 2 2
Penalty Kill 4 Players Forward
Center Wing Time % Phy DF OF
1 Robbie Earl Ryan Carter 60 1 2 2
2 Martins Karsums T.J Galiardi 40 1 2 2
Penalty Kill 4 Players Defense
Defense Defense Time % Phy DF OF
1 Jamie McBain Cody Franson 60 1 2 2
2 Mathieu Carle Jaime Sifers 40 1 2 2
Penalty Kill - 3 Players Forward
Forward Time % Phy DF OF
1 Robbie Earl 60 1 2 2
2 Ryan Carter 40 1 2 2
Penalty Kill - 3 Players Defense
Defense Defense Time % Phy DF OF
1 Jamie McBain Cody Franson 60 1 2 2
2 Mathieu Carle Jaime Sifers 40 1 2 2
4 vs 4 Forward
Center Wing Time % Phy DF OF
1 Robbie Earl Ryan Carter 60 1 2 2
2 Martins Karsums T.J Galiardi 40 1 2 2
4 vs 4 Defense
Defense Defense Time % Phy DF OF
1 Jamie McBain Cody Franson 60 1 2 2
2 Mathieu Carle Jaime Sifers 40 1 2 2
Last Minutes Offensive
Center Left Wing Right Wing Defense Defense
Ryan Carter Robbie Earl Martins Karsums Jamie McBain Cody Franson
Last Minutes Defensive
Center Left Wing Right Wing Defense Defense
Ryan Carter Robbie Earl Martins Karsums Jamie McBain Cody Franson
Goaltenders
Starting : Alex Stalock
Backup : Olivier Roy
Extra Forwards
Normal : Zac Dalpe, Jeremy Morin, Ryan Russell - PP : Zac Dalpe, Jeremy Morin - PK : Ryan Russell
Extra Defensemen
Normal : Matt Corrente, Carl Gunnarsson, Mathieu Carle - PP : Matt Corrente - PK : Carl Gunnarsson, Mathieu Carle
Penalty Shots
Robbie Earl, Ryan Carter, Martins Karsums, T.J Galiardi, Cody McCormick
Sasquatch
5 vs 5 Forward
Center Left Wing Right Wing Time % Phy DF OF
1 Derek Stepan D.J King Jakub Voracek 40 1 2 2
2 Tyler Johnson Mats Zuccarello Brandon Bochenski 30 1 2 2
3 Stephane Da Costa Kyle Clifford Cam Atkinson 20 1 2 2
4 Kevin Porter Josh Bailey Matt Frattin 10 1 2 2
5 vs 5 Defense
Defense Defense Time % Phy DF OF
1 Joe Corvo Jake Gardiner 40 1 2 2
2 Matt Niskanen Slava Voynov 30 1 2 2
3 Yann Sauvé Nick Leddy 20 1 2 2
4 Joe Corvo Jake Gardiner 10 1 2 2
PowerPlay Forward
Center Left Wing Right Wing Time % Phy DF OF
1 Derek Stepan D.J King Jakub Voracek 60 1 2 2
2 Tyler Johnson Mats Zuccarello Brandon Bochenski 40 1 2 2
PowerPlay Defense
Defense Defense Time % Phy DF OF
1 Joe Corvo Jake Gardiner 60 1 2 2
2 Matt Niskanen Nick Leddy 40 1 2 2
Penalty Kill 4 Players Forward
Center Wing Time % Phy DF OF
1 Tyler Johnson D.J King 60 1 2 2
2 Kevin Porter Mats Zuccarello 40 1 2 2
Penalty Kill 4 Players Defense
Defense Defense Time % Phy DF OF
1 Joe Corvo Jake Gardiner 60 1 2 2
2 Matt Niskanen Yann Sauvé 40 1 2 2
Penalty Kill - 3 Players Forward
Forward Time % Phy DF OF
1 Tyler Johnson 60 1 2 2
2 D.J King 40 1 2 2
Penalty Kill - 3 Players Defense
Defense Defense Time % Phy DF OF
1 Joe Corvo Jake Gardiner 60 1 2 2
2 Matt Niskanen Yann Sauvé 40 1 2 2
4 vs 4 Forward
Center Wing Time % Phy DF OF
1 Derek Stepan D.J King 60 1 2 2
2 Tyler Johnson Jakub Voracek 40 1 2 2
4 vs 4 Defense
Defense Defense Time % Phy DF OF
1 Joe Corvo Jake Gardiner 60 1 2 2
2 Matt Niskanen Slava Voynov 40 1 2 2
Last Minutes Offensive
Center Left Wing Right Wing Defense Defense
Derek Stepan D.J King Jakub Voracek Joe Corvo Jake Gardiner
Last Minutes Defensive
Center Left Wing Right Wing Defense Defense
Tyler Johnson D.J King Jakub Voracek Joe Corvo Jake Gardiner
Goaltenders
Starting : Andrew Raycroft
Backup : Anders Lindback
Extra Forwards
Normal : Brandon Bochenski, Stephane Da Costa, Josh Bailey - PP : Kyle Clifford, Stephane Da Costa - PK : Matt Frattin
Extra Defensemen
Normal : Yann Sauvé, Nick Leddy, Matt Niskanen - PP : Yann Sauvé - PK : Nick Leddy, Matt Niskanen
Penalty Shots
Cam Atkinson, Mats Zuccarello, Brandon Bochenski, Joe Corvo, Matt Frattin
% Time on Ice - Influenza
Lines # - Real PCT - Wanted PCT - Time Play
Normal Forward
1 - 33% - 40% - 17:25
2 - 25% - 30% - 13:21
3 - 24% - 20% - 12:49
4 - 18% - 10% - 9:29
Normal Defense
1 - 37% - 40% - 19:36
2 - 34% - 30% - 18:09
3 - 25% - 20% - 13:08
4 - 4% - 10% - 2:11
PP Forward
1 - 57% - 60% - 2:43
2 - 43% - 40% - 2:05
PP Defense
1 - 53% - 60% - 2:32
2 - 47% - 40% - 2:16
PK Forward
1 - 80% - 60% - 1:43
2 - 20% - 40% - 0:25
PK Defense
1 - 68% - 60% - 1:27
2 - 32% - 40% - 0:41
PK3 Forward
1 - 0% - 60%
2 - 0% - 40%
PK3 Defense
1 - 0% - 60%
2 - 0% - 40%
44 Forward
1 - 100% - 60% - 0:10
2 - 0% - 40% - 0:00
44 Defense
1 - 100% - 60% - 0:10
2 - 0% - 40% - 0:00
Last Minute Offensive - 0:00
Last Minute Defensive - 0:00
Total
Forward - 60:10
Defense - 60:10
|
% Time on Ice - Sasquatch
Lines # - Real PCT - Wanted PCT - Time Play
Normal Forward
1 - 37% - 40% - 19:33
2 - 25% - 30% - 13:21
3 - 22% - 20% - 11:46
4 - 16% - 10% - 8:24
Normal Defense
1 - 39% - 40% - 20:37
2 - 33% - 30% - 17:43
3 - 23% - 20% - 12:10
4 - 5% - 10% - 2:34
PP Forward
1 - 59% - 60% - 1:16
2 - 41% - 40% - 0:52
PP Defense
1 - 73% - 60% - 1:33
2 - 27% - 40% - 0:35
PK Forward
1 - 78% - 60% - 3:45
2 - 22% - 40% - 1:03
PK Defense
1 - 61% - 60% - 2:56
2 - 39% - 40% - 1:52
PK3 Forward
1 - 0% - 60%
2 - 0% - 40%
PK3 Defense
1 - 0% - 60%
2 - 0% - 40%
44 Forward
1 - 100% - 60% - 0:10
2 - 0% - 40% - 0:00
44 Defense
1 - 100% - 60% - 0:10
2 - 0% - 40% - 0:00
Last Minute Offensive - 0:00
Last Minute Defensive - 0:00
Total
Forward - 60:10
Defense - 60:10
|
Play by Play
1st period
0:01 of 1st period - Ryan Carter wins face-off versus D.J King in neutral zone.
0:48 of 1st period - Slapshot by Andreas Engqvist.
0:48 of 1st period - Stopped by Andrew Raycroft without a rebound.
0:49 of 1st period - Stephane Da Costa wins face-off versus Andreas Engqvist in Sasquatch zone.
1:00 of 1st period - Wrist shot by Corey Tropp.
1:00 of 1st period - Stopped by Andrew Raycroft with a rebound.
2:43 of 1st period - Cody Franson is hit by D.J King and loses puck.
3:06 of 1st period - Snap shot by Joe Corvo.
3:06 of 1st period - Shot Misses the Net.
3:22 of 1st period - Slava Voynov is hit by Robbie Earl and loses puck.
3:44 of 1st period - Slapshot by Zac Dalpe.
3:44 of 1st period - Shot Misses the Net.
4:04 of 1st period - Backhand shot by Jakub Voracek.
4:04 of 1st period - Stopped by Alex Stalock without a rebound.
4:05 of 1st period - Derek Stepan wins face-off versus Ryan Carter in Influenza zone.
4:12 of 1st period - Wrist shot by D.J King.
4:12 of 1st period - Shot Blocked by Matt Corrente.
4:18 of 1st period - Nick Leddy is hit by Matt Corrente.
4:28 of 1st period - Slapshot by Derek Stepan.
4:28 of 1st period - Stopped by Alex Stalock with a rebound.
4:37 of 1st period - Icing by Carl Gunnarsson.
4:38 of 1st period - Tyler Johnson wins face-off versus Cody McCormick in Influenza zone.
4:55 of 1st period - Robbie Earl is hit by Mats Zuccarello and loses puck.
5:16 of 1st period - Backhand shot by Josh Bailey.
5:16 of 1st period - Stopped by Alex Stalock with a rebound.
5:26 of 1st period - Matt Corrente is hit by Matt Niskanen.
5:30 of 1st period - Snap shot by Jeremy Morin.
5:30 of 1st period - Shot Misses the Net.
5:32 of 1st period - Slapshot by Cody Franson.
5:32 of 1st period - Deflect By Cam Atkinson.
5:32 of 1st period - Stopped by Andrew Raycroft with a rebound.
5:34 of 1st period - Slapshot by Jeremy Morin.
5:34 of 1st period - Shot Misses the Net.
5:54 of 1st period - Snap shot by Jakub Voracek.
5:54 of 1st period - Shot Misses the Net.
6:10 of 1st period - Wrist shot by Cody McCormick.
6:10 of 1st period - Shot Misses the Net.
6:34 of 1st period - Slapshot by T.J Galiardi.
6:34 of 1st period - Shot Misses the Net.
7:25 of 1st period - Minor Penalty to Nick Leddy for Holding.
7:26 of 1st period - Tyler Johnson wins face-off versus Ryan Carter in Sasquatch zone.
7:39 of 1st period - Wrist shot by Robbie Earl.
7:39 of 1st period - Stopped by Andrew Raycroft with a rebound.
8:01 of 1st period - Wrist shot by Ben Smith.
8:01 of 1st period - Stopped by Andrew Raycroft without a rebound.
8:02 of 1st period - Cody McCormick wins face-off versus Mats Zuccarello in Sasquatch zone.
8:13 of 1st period - Snap shot by T.J Galiardi.
8:13 of 1st period - Shot Misses the Net.
8:15 of 1st period - Snap shot by Cody McCormick.
8:15 of 1st period - Goal by Cody McCormick - Influenza : 1 - Sasquatch : 0.
8:16 of 1st period - Derek Stepan wins face-off versus Ryan Carter in neutral zone.
8:26 of 1st period - Wrist shot by Jakub Voracek.
8:26 of 1st period - Stopped by Alex Stalock with a rebound.
8:28 of 1st period - Slapshot by Jake Gardiner.
8:28 of 1st period - Shot Blocked by Ryan Carter.
8:30 of 1st period - Slapshot by Jake Gardiner.
8:30 of 1st period - Deflect By Jakub Voracek.
8:30 of 1st period - Shot Blocked by Mathieu Carle.
8:30 of 1st period - Puck is out of play.
8:31 of 1st period - Cody McCormick wins face-off versus Tyler Johnson in Influenza zone.
9:19 of 1st period - Ben Smith is hit by Matt Niskanen and loses puck.
9:30 of 1st period - Wrist shot by Stephane Da Costa.
9:30 of 1st period - Deflect By Kyle Clifford.
9:30 of 1st period - Stopped by Alex Stalock without a rebound.
9:31 of 1st period - Derek Stepan wins face-off versus Ryan Carter in Influenza zone.
10:00 of 1st period - Slapshot by Joe Corvo.
10:00 of 1st period - Stopped by Alex Stalock without a rebound.
10:01 of 1st period - Stephane Da Costa wins face-off versus Zac Dalpe in Influenza zone.
10:04 of 1st period - Snap shot by Stephane Da Costa.
10:04 of 1st period - Stopped by Alex Stalock with a rebound.
10:06 of 1st period - Slapshot by Joe Corvo.
10:06 of 1st period - Shot Misses the Net.
10:08 of 1st period - Snap shot by Cam Atkinson.
10:08 of 1st period - Stopped by Alex Stalock without a rebound.
10:09 of 1st period - Derek Stepan wins face-off versus Ryan Russell in Influenza zone.
10:10 of 1st period - Snap shot by Jakub Voracek.
10:10 of 1st period - Goal by Jakub Voracek - Influenza : 1 - Sasquatch : 1.
10:11 of 1st period - Ryan Carter wins face-off versus Derek Stepan in neutral zone.
10:14 of 1st period - Wrist shot by Martins Karsums.
10:14 of 1st period - Shot Misses the Net.
10:26 of 1st period - Wrist shot by D.J King.
10:26 of 1st period - Stopped by Alex Stalock without a rebound.
10:27 of 1st period - Tyler Johnson wins face-off versus Jeremy Morin in Influenza zone.
10:59 of 1st period - Snap shot by Kevin Porter.
10:59 of 1st period - Deflect By Josh Bailey.
10:59 of 1st period - Shot Misses the Net.
10:59 of 1st period - Puck is out of play.
11:00 of 1st period - Derek Stepan wins face-off versus Ryan Carter in Influenza zone.
11:30 of 1st period - Snap shot by Mats Zuccarello.
11:30 of 1st period - Stopped by Alex Stalock without a rebound.
11:31 of 1st period - Tyler Johnson wins face-off versus Cody McCormick in Influenza zone.
11:37 of 1st period - Icing by Cody McCormick.
11:38 of 1st period - Cody McCormick wins face-off versus Derek Stepan in Influenza zone.
11:49 of 1st period - Wrist shot by Robbie Earl.
11:49 of 1st period - Stopped by Andrew Raycroft without a rebound.
11:50 of 1st period - Ryan Carter wins face-off versus Tyler Johnson in Sasquatch zone.
13:02 of 1st period - Snap shot by Mathieu Carle.
13:02 of 1st period - Stopped by Andrew Raycroft without a rebound.
13:03 of 1st period - Ryan Carter wins face-off versus Derek Stepan in Sasquatch zone.
13:18 of 1st period - Wrist shot by Martins Karsums.
13:18 of 1st period - Stopped by Andrew Raycroft with a rebound.
14:22 of 1st period - Josh Bailey is hit by Andreas Engqvist and loses puck.
14:43 of 1st period - Snap shot by Derek Stepan.
14:43 of 1st period - Shot Misses the Net.
15:21 of 1st period - Ryan Russell is hit by Cam Atkinson and loses puck.
15:32 of 1st period - Carl Gunnarsson is hit by Derek Stepan.
15:40 of 1st period - Jeremy Morin is hit by Jake Gardiner and loses puck.
16:14 of 1st period - Zac Dalpe is hit by Matt Frattin.
16:38 of 1st period - Wrist shot by Jakub Voracek.
16:38 of 1st period - Stopped by Alex Stalock with a rebound.
17:02 of 1st period - Cody Franson is hit by Jakub Voracek and loses puck.
17:11 of 1st period - Snap shot by Derek Stepan.
17:11 of 1st period - Stopped by Alex Stalock with a rebound.
17:23 of 1st period - Wrist shot by Ryan Russell.
17:23 of 1st period - Shot Misses the Net.
17:25 of 1st period - Snap shot by Ryan Russell.
17:25 of 1st period - Stopped by Andrew Raycroft without a rebound.
17:26 of 1st period - T.J Galiardi wins face-off versus Tyler Johnson in Sasquatch zone.
17:27 of 1st period - Slapshot by Mathieu Carle.
17:27 of 1st period - Deflect By Brandon Bochenski.
17:27 of 1st period - Stopped by Andrew Raycroft without a rebound.
17:28 of 1st period - Ryan Carter wins face-off versus Tyler Johnson in Sasquatch zone.
17:33 of 1st period - Slapshot by Martins Karsums.
17:33 of 1st period - Deflect By Ryan Carter.
17:33 of 1st period - Goal by Ryan Carter - Influenza : 2 - Sasquatch : 1.
17:34 of 1st period - Tyler Johnson wins face-off versus Ryan Carter in neutral zone.
18:00 of 1st period - Cody McCormick is hit by Joe Corvo and loses puck.
18:13 of 1st period - Slapshot by Derek Stepan.
18:13 of 1st period - Shot Blocked by Mathieu Carle.
18:31 of 1st period - Icing by Jamie McBain.
18:32 of 1st period - Andreas Engqvist wins face-off versus Tyler Johnson in Influenza zone.
18:41 of 1st period - Slapshot by Jamie McBain.
18:41 of 1st period - Deflect By Andreas Engqvist.
18:41 of 1st period - Shot Blocked by Brandon Bochenski.
18:41 of 1st period - Puck is out of play.
18:42 of 1st period - Tyler Johnson wins face-off versus Ryan Carter in Sasquatch zone.
18:47 of 1st period - Slapshot by Joe Corvo.
18:47 of 1st period - Deflect By Cody Franson.
18:47 of 1st period - Stopped by Alex Stalock without a rebound.
18:48 of 1st period - Derek Stepan wins face-off versus Ryan Carter in Influenza zone.
19:01 of 1st period - Snap shot by D.J King.
19:01 of 1st period - Shot Blocked by Cody Franson.
19:25 of 1st period - Joe Corvo is hit by Ben Smith and loses puck.
19:36 of 1st period - Carl Gunnarsson is hit by Kyle Clifford and loses puck.
19:57 of 1st period - Wrist shot by Kevin Porter.
19:57 of 1st period - Deflect By Matt Frattin.
19:57 of 1st period - Deflect By Ryan Carter.
19:57 of 1st period - Shot Misses the Net.
19:57 of 1st period - Puck is out of play.
19:58 of 1st period - Kevin Porter wins face-off versus Ryan Carter in Influenza zone.
Goals for this period are 2 for Influenza vs 1 for Sasquatch.
Shots for this period are 12 for Influenza vs 14 for Sasquatch.
2nd period
0:01 of 2nd period - Derek Stepan wins face-off versus Ryan Carter in neutral zone.
0:04 of 2nd period - T.J Galiardi is hit by Joe Corvo and loses puck.
0:11 of 2nd period - Jamie McBain is hit by Derek Stepan and loses puck.
0:18 of 2nd period - Martins Karsums is hit by Joe Corvo and loses puck.
1:21 of 2nd period - Backhand shot by Cody Franson.
1:21 of 2nd period - Stopped by Andrew Raycroft without a rebound.
1:22 of 2nd period - Derek Stepan wins face-off versus Zac Dalpe in Sasquatch zone.
1:22 of 2nd period - Derek Stepan is hit by Zac Dalpe.
1:29 of 2nd period - Jake Gardiner is hit by Jaime Sifers and loses puck.
1:48 of 2nd period - Ryan Russell is hit by Kyle Clifford and loses puck.
2:11 of 2nd period - Snap shot by Mats Zuccarello.
2:11 of 2nd period - Shot Misses the Net.
2:13 of 2nd period - Slapshot by Yann Sauvé.
2:13 of 2nd period - Stopped by Alex Stalock without a rebound.
2:14 of 2nd period - Ryan Carter wins face-off versus Tyler Johnson in Influenza zone.
2:14 of 2nd period - Ryan Carter is hit by Yann Sauvé.
2:28 of 2nd period - Tyler Johnson is hit by Carl Gunnarsson and loses puck.
2:47 of 2nd period - Snap shot by Jakub Voracek.
2:47 of 2nd period - Shot Blocked by Carl Gunnarsson.
4:03 of 2nd period - Snap shot by Ben Smith.
4:03 of 2nd period - Shot Blocked by Jakub Voracek.
4:11 of 2nd period - Wrist shot by Robbie Earl.
4:11 of 2nd period - Stopped by Andrew Raycroft with a rebound.
4:22 of 2nd period - Minor Penalty to Ryan Russell for Roughing.
4:23 of 2nd period - Ryan Carter wins face-off versus Derek Stepan in Influenza zone.
4:50 of 2nd period - Icing by Jake Gardiner.
4:51 of 2nd period - Tyler Johnson wins face-off versus Robbie Earl in Sasquatch zone.
6:22 of 2nd period - Penalty to Ryan Russell is over, Ryan Russell is back on ice.
6:35 of 2nd period - Matt Niskanen is hit by Andreas Engqvist and loses puck.
6:44 of 2nd period - Wrist shot by Corey Tropp.
6:44 of 2nd period - Shot Misses the Net.
6:54 of 2nd period - Snap shot by T.J Galiardi.
6:54 of 2nd period - Shot Misses the Net.
6:56 of 2nd period - Snap shot by Ryan Carter.
6:56 of 2nd period - Stopped by Andrew Raycroft without a rebound.
6:57 of 2nd period - Ryan Carter wins face-off versus Kevin Porter in Sasquatch zone.
7:00 of 2nd period - Snap shot by Martins Karsums.
7:00 of 2nd period - Deflect By T.J Galiardi.
7:00 of 2nd period - Stopped by Andrew Raycroft with a rebound.
7:02 of 2nd period - Snap shot by T.J Galiardi.
7:02 of 2nd period - Deflect By Martins Karsums.
7:02 of 2nd period - Stopped by Andrew Raycroft without a rebound.
7:03 of 2nd period - Derek Stepan wins face-off versus Cody McCormick in Sasquatch zone.
7:54 of 2nd period - Joe Corvo is hit by Ryan Carter and loses puck.
8:13 of 2nd period - Jamie McBain is hit by Josh Bailey and loses puck.
8:36 of 2nd period - Snap shot by Derek Stepan.
8:36 of 2nd period - Stopped by Alex Stalock with a rebound.
8:38 of 2nd period - Slapshot by Jake Gardiner.
8:38 of 2nd period - Stopped by Alex Stalock with a rebound.
8:40 of 2nd period - Slapshot by Jake Gardiner.
8:40 of 2nd period - Shot Blocked by Robbie Earl.
8:42 of 2nd period - Slapshot by Joe Corvo.
8:42 of 2nd period - Deflect By Derek Stepan.
8:42 of 2nd period - Shot Blocked by Matt Corrente.
8:42 of 2nd period - Puck is out of play.
8:43 of 2nd period - Tyler Johnson wins face-off versus Martins Karsums in Influenza zone.
8:52 of 2nd period - Snap shot by T.J Galiardi.
8:52 of 2nd period - Shot Blocked by Matt Niskanen.
8:54 of 2nd period - Slapshot by Ryan Carter.
8:54 of 2nd period - Deflect By T.J Galiardi.
8:54 of 2nd period - Shot Blocked by Matt Niskanen.
8:54 of 2nd period - Puck is out of play.
8:55 of 2nd period - Derek Stepan wins face-off versus Ryan Carter in Sasquatch zone.
9:10 of 2nd period - Slapshot by D.J King.
9:10 of 2nd period - Goal by D.J King - Influenza : 2 - Sasquatch : 2.
9:11 of 2nd period - Derek Stepan wins face-off versus Ryan Carter in neutral zone.
9:36 of 2nd period - Tyler Johnson is hit by Robbie Earl and loses puck.
9:43 of 2nd period - Snap shot by Cody McCormick.
9:43 of 2nd period - Stopped by Andrew Raycroft without a rebound.
9:44 of 2nd period - Ryan Carter wins face-off versus Tyler Johnson in Sasquatch zone.
9:45 of 2nd period - Slapshot by Martins Karsums.
9:45 of 2nd period - Shot Misses the Net.
9:48 of 2nd period - Icing by Joe Corvo.
9:49 of 2nd period - Ryan Carter wins face-off versus Tyler Johnson in Sasquatch zone.
9:52 of 2nd period - Slapshot by Jamie McBain.
9:52 of 2nd period - Shot Blocked by Jake Gardiner.
10:36 of 2nd period - Snap shot by Joe Corvo.
10:36 of 2nd period - Shot Misses the Net.
11:12 of 2nd period - Minor Penalty to Matt Frattin for High sticking.
11:13 of 2nd period - Ryan Carter wins face-off versus Tyler Johnson in Sasquatch zone.
11:38 of 2nd period - D.J King is hit by Cody McCormick and loses puck.
11:57 of 2nd period - Wrist shot by Ben Smith.
11:57 of 2nd period - Shot Blocked by Jake Gardiner.
11:59 of 2nd period - Slapshot by Mathieu Carle.
11:59 of 2nd period - Stopped by Andrew Raycroft with a rebound.
12:21 of 2nd period - Cody McCormick is hit by Joe Corvo and loses puck.
12:46 of 2nd period - Robbie Earl is hit by Kyle Clifford and loses puck.
13:12 of 2nd period - Penalty to Matt Frattin is over, Matt Frattin is back on ice.
13:17 of 2nd period - Matt Frattin is hit by Corey Tropp and loses puck.
13:22 of 2nd period - Snap shot by Corey Tropp.
13:22 of 2nd period - Shot Misses the Net.
13:24 of 2nd period - Slapshot by Andreas Engqvist.
13:24 of 2nd period - Stopped by Andrew Raycroft with a rebound.
13:26 of 2nd period - Slapshot by Carl Gunnarsson.
13:26 of 2nd period - Deflect By Matt Frattin.
13:26 of 2nd period - Stopped by Andrew Raycroft with a rebound.
13:28 of 2nd period - Snap shot by Andreas Engqvist.
13:28 of 2nd period - Stopped by Andrew Raycroft with a rebound.
14:35 of 2nd period - Snap shot by Ryan Carter.
14:35 of 2nd period - Stopped by Andrew Raycroft with a rebound.
14:45 of 2nd period - Derek Stepan is hit by Mathieu Carle and loses puck.
16:14 of 2nd period - Slapshot by Brandon Bochenski.
16:14 of 2nd period - Shot Blocked by Jeremy Morin.
16:22 of 2nd period - Snap shot by Zac Dalpe.
16:22 of 2nd period - Stopped by Andrew Raycroft with a rebound.
16:38 of 2nd period - Slapshot by Jake Gardiner.
16:38 of 2nd period - Stopped by Alex Stalock with a rebound.
16:40 of 2nd period - Slapshot by Joe Corvo.
16:40 of 2nd period - Stopped by Alex Stalock with a rebound.
16:54 of 2nd period - Mathieu Carle is hit by Matt Frattin and loses puck.
17:40 of 2nd period - Jamie McBain is hit by Joe Corvo and loses puck.
17:45 of 2nd period - Snap shot by Mats Zuccarello.
17:45 of 2nd period - Stopped by Alex Stalock without a rebound.
17:46 of 2nd period - Stephane Da Costa wins face-off versus Ryan Carter in Influenza zone.
17:56 of 2nd period - Minor Penalty to Jaime Sifers for Roughing.
17:57 of 2nd period - Derek Stepan wins face-off versus Robbie Earl in Influenza zone.
18:01 of 2nd period - Wrist shot by Jakub Voracek.
18:01 of 2nd period - Stopped by Alex Stalock without a rebound.
18:02 of 2nd period - Derek Stepan wins face-off versus Robbie Earl in Influenza zone.
18:03 of 2nd period - Slapshot by Jakub Voracek.
18:03 of 2nd period - Stopped by Alex Stalock with a rebound.
18:05 of 2nd period - Snap shot by Derek Stepan.
18:05 of 2nd period - Goal by Derek Stepan - Influenza : 2 - Sasquatch : 3.
18:06 of 2nd period - Ryan Carter wins face-off versus Derek Stepan in neutral zone.
18:11 of 2nd period - Snap shot by Martins Karsums.
18:11 of 2nd period - Stopped by Andrew Raycroft with a rebound.
18:19 of 2nd period - Wrist shot by Derek Stepan.
18:19 of 2nd period - Stopped by Alex Stalock with a rebound.
18:34 of 2nd period - Minor Penalty to Brandon Bochenski for High sticking.
18:35 of 2nd period - Tyler Johnson wins face-off versus Ryan Carter in Sasquatch zone.
18:43 of 2nd period - Snap shot by Joe Corvo.
18:43 of 2nd period - Shot Misses the Net.
18:45 of 2nd period - Snap shot by D.J King.
18:45 of 2nd period - Shot Blocked by Robbie Earl.
18:47 of 2nd period - Snap shot by D.J King.
18:47 of 2nd period - Shot Misses the Net.
18:49 of 2nd period - Slapshot by D.J King.
18:49 of 2nd period - Stopped by Alex Stalock with a rebound.
19:01 of 2nd period - D.J King is hit by Ben Smith and loses puck.
Goals for this period are 0 for Influenza vs 2 for Sasquatch.
Shots for this period are 13 for Influenza vs 12 for Sasquatch.
3rd period
0:01 of 3rd period - Tyler Johnson wins face-off versus Ryan Carter in neutral zone.
0:34 of 3rd period - Penalty to Brandon Bochenski is over, Brandon Bochenski is back on ice.
1:08 of 3rd period - Jake Gardiner is hit by Corey Tropp and loses puck.
1:13 of 3rd period - Snap shot by Corey Tropp.
1:13 of 3rd period - Shot Misses the Net.
1:29 of 3rd period - Slapshot by Jakub Voracek.
1:29 of 3rd period - Shot Blocked by Carl Gunnarsson.
1:49 of 3rd period - Wrist shot by Ben Smith.
1:49 of 3rd period - Stopped by Andrew Raycroft with a rebound.
1:51 of 3rd period - Snap shot by Cody McCormick.
1:51 of 3rd period - Shot Misses the Net.
1:53 of 3rd period - Snap shot by Ben Smith.
1:53 of 3rd period - Stopped by Andrew Raycroft with a rebound.
2:03 of 3rd period - Jeremy Morin is hit by Josh Bailey and loses puck.
2:55 of 3rd period - Wrist shot by Martins Karsums.
2:55 of 3rd period - Shot Misses the Net.
5:07 of 3rd period - Slapshot by Matt Niskanen.
5:07 of 3rd period - Shot Misses the Net.
6:11 of 3rd period - Wrist shot by Corey Tropp.
6:11 of 3rd period - Goal by Corey Tropp - Influenza : 3 - Sasquatch : 3.
6:12 of 3rd period - Tyler Johnson wins face-off versus Ryan Carter in neutral zone.
7:00 of 3rd period - Wrist shot by Kevin Porter.
7:00 of 3rd period - Shot Misses the Net.
7:02 of 3rd period - Backhand shot by Matt Frattin.
7:02 of 3rd period - Stopped by Alex Stalock with a rebound.
7:16 of 3rd period - Jamie McBain is hit by Mats Zuccarello and loses puck.
8:06 of 3rd period - Andreas Engqvist is hit by Kyle Clifford and loses puck.
8:15 of 3rd period - Corey Tropp is hit by Kyle Clifford and loses puck.
8:46 of 3rd period - Matt Frattin is hit by Jeremy Morin and loses puck.
9:04 of 3rd period - Derek Stepan is hit by Matt Corrente and loses puck.
9:39 of 3rd period - Off-side.
9:40 of 3rd period - Tyler Johnson wins face-off versus Cody McCormick in neutral zone.
9:45 of 3rd period - Robbie Earl is hit by Yann Sauvé and loses puck.
10:35 of 3rd period - Snap shot by Slava Voynov.
10:35 of 3rd period - Shot Blocked by Adam Berti.
10:37 of 3rd period - Wrist shot by Matt Niskanen.
10:37 of 3rd period - Shot Misses the Net.
10:51 of 3rd period - Snap shot by Matt Frattin.
10:51 of 3rd period - Stopped by Alex Stalock without a rebound.
10:52 of 3rd period - Derek Stepan wins face-off versus Ryan Carter in Influenza zone.
10:57 of 3rd period - Snap shot by Jakub Voracek.
10:57 of 3rd period - Stopped by Alex Stalock without a rebound.
10:58 of 3rd period - Ryan Carter wins face-off versus D.J King in Influenza zone.
11:07 of 3rd period - Wrist shot by Mathieu Carle.
11:07 of 3rd period - Shot Blocked by Jake Gardiner.
11:22 of 3rd period - Off-side.
11:23 of 3rd period - Cody McCormick wins face-off versus Mats Zuccarello in neutral zone.
11:48 of 3rd period - Slava Voynov is hit by Martins Karsums.
11:56 of 3rd period - Slapshot by Mathieu Carle.
11:56 of 3rd period - Stopped by Andrew Raycroft with a rebound.
11:58 of 3rd period - Snap shot by T.J Galiardi.
11:58 of 3rd period - Stopped by Andrew Raycroft without a rebound.
11:59 of 3rd period - Tyler Johnson wins face-off versus Ryan Carter in Sasquatch zone.
12:10 of 3rd period - Wrist shot by Jake Gardiner.
12:10 of 3rd period - Stopped by Alex Stalock without a rebound.
12:11 of 3rd period - Ryan Carter wins face-off versus Derek Stepan in Influenza zone.
12:11 of 3rd period - Ryan Carter is hit by Derek Stepan.
12:16 of 3rd period - Off-side.
12:17 of 3rd period - Derek Stepan wins face-off versus Ryan Carter in neutral zone.
12:24 of 3rd period - Snap shot by Jakub Voracek.
12:24 of 3rd period - Shot Blocked by Jamie McBain.
12:26 of 3rd period - Slapshot by Jake Gardiner.
12:26 of 3rd period - Stopped by Alex Stalock with a rebound.
12:28 of 3rd period - Slapshot by Jake Gardiner.
12:28 of 3rd period - Stopped by Alex Stalock without a rebound.
12:29 of 3rd period - Derek Stepan wins face-off versus Ryan Carter in Influenza zone.
13:35 of 3rd period - Snap shot by Martins Karsums.
13:35 of 3rd period - Deflect By Ryan Carter.
13:35 of 3rd period - Shot Misses the Net.
13:35 of 3rd period - Puck is out of play.
13:36 of 3rd period - Derek Stepan wins face-off versus Ryan Carter in Sasquatch zone.
14:01 of 3rd period - Snap shot by Stephane Da Costa.
14:01 of 3rd period - Shot Misses the Net.
14:03 of 3rd period - Slapshot by Jake Gardiner.
14:03 of 3rd period - Deflect By Stephane Da Costa.
14:03 of 3rd period - Shot Misses the Net.
14:03 of 3rd period - Puck is out of play.
14:04 of 3rd period - Cody McCormick wins face-off versus Stephane Da Costa in Influenza zone.
14:13 of 3rd period - Stephane Da Costa is hit by Ben Smith and loses puck.
14:50 of 3rd period - Slapshot by Zac Dalpe.
14:50 of 3rd period - Goal by Zac Dalpe - Influenza : 4 - Sasquatch : 3.
14:51 of 3rd period - Ryan Carter wins face-off versus D.J King in neutral zone.
15:27 of 3rd period - Ben Smith is hit by Slava Voynov and loses puck.
15:42 of 3rd period - Snap shot by Jeremy Morin.
15:42 of 3rd period - Shot Misses the Net.
15:44 of 3rd period - Wrist shot by Jaime Sifers.
15:44 of 3rd period - Deflect By Jeremy Morin.
15:44 of 3rd period - Shot Misses the Net.
15:44 of 3rd period - Puck is out of play.
15:45 of 3rd period - Derek Stepan wins face-off versus Zac Dalpe in Sasquatch zone.
15:50 of 3rd period - Ryan Russell is hit by Jakub Voracek and loses puck.
16:19 of 3rd period - Jake Gardiner is hit by Ryan Carter and loses puck.
16:36 of 3rd period - Wrist shot by Mats Zuccarello.
16:36 of 3rd period - Deflect By Tyler Johnson.
16:36 of 3rd period - Stopped by Alex Stalock with a rebound.
16:38 of 3rd period - Snap shot by Brandon Bochenski.
16:38 of 3rd period - Shot Misses the Net.
17:32 of 3rd period - Snap shot by T.J Galiardi.
17:32 of 3rd period - Stopped by Andrew Raycroft without a rebound.
17:33 of 3rd period - Martins Karsums wins face-off versus Stephane Da Costa in Sasquatch zone.
18:35 of 3rd period - Wrist shot by D.J King.
18:35 of 3rd period - Stopped by Alex Stalock without a rebound.
18:36 of 3rd period - Derek Stepan wins face-off versus Zac Dalpe in Influenza zone.
18:37 of 3rd period - Backhand shot by Jakub Voracek.
18:37 of 3rd period - Goal by Jakub Voracek - Influenza : 4 - Sasquatch : 4.
18:38 of 3rd period - Stephane Da Costa wins face-off versus Ryan Carter in neutral zone.
18:54 of 3rd period - Kyle Clifford is hit by Martins Karsums and loses puck.
19:05 of 3rd period - Cody Franson is hit by D.J King and loses puck.
19:53 of 3rd period - Snap shot by Zac Dalpe.
19:53 of 3rd period - Stopped by Andrew Raycroft with a rebound.
19:55 of 3rd period - Slapshot by Carl Gunnarsson.
19:55 of 3rd period - Shot Misses the Net.
19:57 of 3rd period - Slapshot by Ryan Russell.
19:57 of 3rd period - Stopped by Andrew Raycroft without a rebound.
19:58 of 3rd period - Ryan Carter wins face-off versus Derek Stepan in Sasquatch zone.
Goals for this period are 2 for Influenza vs 1 for Sasquatch.
Shots for this period are 9 for Influenza vs 9 for Sasquatch.
Overtime #1
0:01 of 1st overtime period - Robbie Earl wins face-off versus D.J King in neutral zone.
0:08 of 1st overtime period - Snap shot by Robbie Earl.
0:08 of 1st overtime period - Shot Misses the Net.
0:10 of 1st overtime period - Wrist shot by Ryan Carter.
0:10 of 1st overtime period - Goal by Ryan Carter - Influenza : 5 - Sasquatch : 4.
Goals for this period are 1 for Influenza vs 0 for Sasquatch.
Shots for this period are 1 for Influenza vs 0 for Sasquatch.
Output by the SimonT Hockey Simulator (STHS) for François Prévost -- Original Page W3C XHTML 1.0 Valid